 Dungeon Crawl Stone Soup version 0.30-b1-2-g02819fbbbe (webtiles) character file.

Game seed: 228885176693329953

222632 funkygono the Severer (level 18, -1/174 HPs)
             Began as a Minotaur Fighter on May 29, 2023.
             Was a Priest of Okawaru.
             Slain by a 13-headed hydra (5 damage)
             ... on level 4 of the Swamp on June 5, 2023.
             The game lasted 01:24:19 (29484 turns).

funkygono the Severer (Minotaur Fighter)           Turns: 29484, Time: 01:24:19

Health: -1/174     AC: 45    Str: 34    XL:     18   Next: 53%
Magic:  18/18      EV:  6    Int:  6    God:    Okawaru [***...]
Gold:   3309       SH: 14    Dex: 12    Spells: 17/17 levels left

rFire   . . .        N - +2 war axe (elec)
rCold   + . .        D - +0 kite shield of Ethics {-Cast rN+ Regen+ Str+4}
rNeg    + + .        r - +3 crystal plate armour {rC+}
rPois   +            b - +2 hat
rElec   .            L - +2 cloak {rPois}
rCorr   .            t - +2 pair of gloves
SInv    .            v - +2 pair of boots
Will    ++...        c - amulet "Fatyto" {Acrobat *Slow rN+ Regen+ Int+3 Dex+3} Stlth
                     C - ring of flight
HPRegen 2.09/turn    K - +4 ring of protection
MPRegen 0.16/turn

%: no spellcasting, slow self (1%), acrobat
@: about to teleport, flying, slowed, constricted, very slow
A: horns 2, retaliatory headbutt, dopey 1, low MP 1, strong-willed 1
}: 1/15 runes: gossamer
a: Renounce Religion, Heroism


You were on level 4 of the Swamp.
You worshipped Okawaru.
Okawaru was most pleased with you.
You visited 6 branches of the dungeon, and saw 31 of its levels.
You also visited: Gauntlet and Ice Cave.

You collected 3348 gold pieces.
You spent 39 gold pieces at shops.

Inventory:

Hand Weapons
 a - a +1 war axe of venom
 N - a +2 war axe of electrocution (weapon)
 W - a +2 broad axe
Missiles
 e - 15 javelins
 h - 17 silver javelins
 R - 3 throwing nets
 V - 7 boomerangs of dispersal
 X - 10 boomerangs (quivered)
Armour
 b - a +2 hat (worn)
 r - a +3 crystal plate armour of cold resistance (worn)
 t - a +2 pair of gloves (worn)
 v - a +2 pair of boots (worn)
 D - the +0 kite shield of Ethics (worn) {-Cast rN+ Regen+ Str+4}
   (Okawaru gifted it to you on level 3 of the Lair of Beasts)

   Str:       It affects your strength (+4).
   rN:        It protects you from negative energy.
   -Cast:     It prevents spellcasting.
   Regen:     It increases your rate of health regeneration.
 L - a +2 cloak of poison resistance (worn)
Jewellery
 c - the amulet "Fatyto" (around neck) {Acrobat *Slow rN+ Regen+ Int+3 Dex+3}
   (You found it in a Gauntlet)

   [amulet of the acrobat]

   It increases your evasion while moving and waiting.
   Int:       It affects your intelligence (+3).
   Dex:       It affects your dexterity (+3).
   rN:        It protects you from negative energy.
   Regen:     It increases your rate of health regeneration.
   *Slow:     It may slow you when you take damage.
 f - a ring of protection from cold
 m - a ring of protection from cold
 z - a +6 ring of strength
 C - a ring of flight (left hand)
 J - a ring of see invisible
 K - a +4 ring of protection (right hand)
 U - a ring of protection from fire
Wands
 s - a wand of paralysis (50)
 y - a wand of flame (30)
 Q - a wand of digging (15)
 T - a wand of light (14)
Scrolls
 d - 5 scrolls of magic mapping
 k - 2 scrolls of poison
 l - 10 scrolls of identify
 n - 6 scrolls of blinking
 p - a scroll of amnesia
 q - 13 scrolls of teleportation
 A - 6 scrolls of fear
 G - 2 scrolls of silence
 M - 4 scrolls of fog
Potions
 g - 5 potions of resistance
 i - 12 potions of curing
 j - 2 potions of heal wounds
 o - 6 potions of haste
 u - a potion of berserk rage
 B - 3 potions of mutation
 E - 5 potions of ambrosia
 F - 4 potions of invisibility
 O - 2 potions of cancellation
 S - 13 potions of might
 Z - 3 potions of magic


   Skills:
 + Level 18.9 Fighting
 + Level 20.6 Axes
 + Level 11.1 Throwing
 + Level 16.9 Armour
 + Level 5.8 Dodging
 + Level 3.0 Stealth
 + Level 18.0 Shields
 + Level 4.8 Invocations
 + Level 0.2 Evocations


You had 17 spell levels left.
You didn't know any spells.
Your spell library contained the following spells:

 Spells                   Type           Power      Damage    Failure   Level
 Magic Dart               Conj           0%         1d3       99%         1
 Necrotise                Necr           0%         1d4       99%         1
 Slow                     Hex            0%         N/A       99%         1
 Sting                    Tmut/Pois      0%         1d3       99%         1
 Blink                    Tloc           0%         N/A       100%        2
 Lesser Beckoning         Tloc           0%         N/A       100%        2
 Momentum Strike          Conj/Tloc      0%         3d8       100%        2
 Poisonous Vapours        Pois/Air       0%         N/A       100%        2
 Confusing Touch          Hex            0%         N/A       100%        3
 Dazzling Flash           Conj/Hex       0%         N/A       100%        3
 Ignite Poison            Fire/Tmut/Pois 0%         N/A       100%        3
 Inner Flame              Hex/Fire       0%         N/A       100%        3
 Mephitic Cloud           Conj/Pois/Air  0%         N/A       100%        3
 Ozocubu's Armour         Ice            0%         N/A       100%        3
 Portal Projectile        Hex/Tloc       0%         N/A       100%        3
 Vampiric Draining        Necr           0%         2d6       100%        3
 Volatile Blastmotes      Fire/Tloc      0%         2d10      100%        3
 Iskenderun's Mystic Bla  Conj/Tloc      0%         2d3       100%        4
 Leda's Liquefaction      Hex/Erth       0%         N/A       100%        4
 Olgreb's Toxic Radiance  Pois           0%         N/A       100%        4
 Sticky Flame             Conj/Fire      0%         2d3       100%        4
 Agony                    Necr           0%         N/A       100%        5
 Alistair's Intoxication  Tmut/Pois      0%         N/A       100%        5
 Blade Hands              Tmut           0%         N/A       100%        5
 Borgnjor's Vile Clutch   Necr/Erth      0%         N/A       100%        5
 Freezing Cloud           Conj/Ice/Air   0%         6-21      100%        5
 Metabolic Englaciation   Hex/Ice        0%         N/A       100%        5
 Silence                  Hex/Air        0%         N/A       100%        5
 Yara's Violent Unravell  Hex/Tmut       0%         3d3       100%        5
 Eringya's Noxious Bog    Tmut/Pois      0%         N/A       100%        6
 Iron Shot                Conj/Erth      0%         9d1       100%        6
 Starburst                Conj/Fire      0%         6d3       100%        6
 Enfeeble                 Hex            0%         N/A       100%        7
 Ozocubu's Refrigeration  Ice            0%         4d7       100%        7
 Ignition                 Fire           0%         3d3       100%        8
 Polar Vortex             Ice            0%         N/A       100%        9
 Call Imp                 Summ           Unusable   N/A       N/A         2
 Call Canine Familiar     Summ           Unusable   N/A       N/A         3
 Animate Armour           Summ/Erth      Unusable   N/A       N/A         4
 Simulacrum               Ice/Necr       Unusable   N/A       N/A         6

Dungeon Overview and Level Annotations

Branches:
Dungeon (15/15)            Temple (1/1) D:6            Lair (5/5) D:11
  Swamp (4/4) Lair:2       Spider (4/4) Lair:2        Slime (0/5) Lair:4
    Orc (2/2) D:12            Elf (0/3) Orc:2        Vaults (0/5) D:13
 Depths (0/4) D:15          IceCv (visited)         Gauntlet (visited)

Altars:
Ashenzari
Cheibriados
Dithmenos
Elyvilon
Fedhas
Gozag
Hepliaklqana
Kikubaaqudgha
Makhleb
Nemelex Xobeh
Okawaru
Qazlal
Ru
Sif Muna
Trog
Uskayaw
Vehumet
Wu Jian
Xom
Yredelemnul
Zin
The Shining One
Jiyva

Shops:
D:1 ?   D:6 (   Orc:2 [:*(

Portals:
Trove: D:13 (give +8 demon trident)

Annotations:
Swamp:1 2 transporters, diceflayer's ghost, adept DsHu


Innate Abilities, Weirdness & Mutations

You have a pair of horns on your head.
You reflexively headbutt those who attack you in melee.
You are dopey. (Int -2)
Your magical capacity is low. (-10% MP)
You are strong-willed. (Will+)


Message History

The spriggan rider hits the tentacled monstrosity with a +0 spear!
You block the spriggan berserker's attack.
The spriggan air mage barely misses you.
The 13-headed hydra bites you but does no damage.
The 13-headed hydra bites you.
* * * LOW HITPOINT WARNING * * *
The 13-headed hydra bites you but does no damage. x3
The 13-headed hydra bites you!
* * * LOW HITPOINT WARNING * * *
The 13-headed hydra bites you but does no damage.
You block the 13-headed hydra's attack. The 13-headed hydra barely misses you.
The 13-headed hydra closely misses you.
The 13-headed hydra bites you but does no damage.
You block the 13-headed hydra's attack.
The 13-headed hydra bites you but does no damage.
The elephant barely misses you.
The elephant trunk-slaps you but does no damage.
The tentacled monstrosity tentacle-slaps you but does no damage. x3
The tentacled monstrosity constricts you.
* * * LOW HITPOINT WARNING * * *
The spriggan berserker hits you but does no damage.
The spriggan rider hits the 13-headed hydra with a +0 spear!!
As you read the scroll of teleportation, it crumbles to dust.
You feel strangely unstable.
The spriggan druid seems less confused.
You are hit by a branch!
* * * LOW HITPOINT WARNING * * *
The elephant tramples you!!
* * * LOW HITPOINT WARNING * * *
You are held in place!
You block the elephant's attack.
The fenstrider witch hits you but does no damage.
You block the fenstrider witch's attack.
The spriggan air mage waves its arms in wide circles.
The air twists around and strikes you. The 13-headed hydra bites you.
* * * LOW HITPOINT WARNING * * *
You block the 13-headed hydra's attack.
The 13-headed hydra bites you but does no damage.
The 13-headed hydra bites you.
* * * LOW HITPOINT WARNING * * *
You block the 13-headed hydra's attack. x2; The 13-headed hydra bites you.
You die...

§~... ♣.~.♣ ♣~~~.♣♣
~~~.. ♣.~~♣ ♣♣.~~.♣
♣.).i♣ ♣~.♣♣ ♣♣♣♣♣♣.♣
♣~xi.♣ ♣~~♣♣♣♣~♣♣~~~.
♣♣~~~f~ ♣♣♣♣♣~§♣♣~♣~~.♣♣
#~.~~fR ♣~.~.~....~~..♣♣
♣~~iDD♣♣♣.~~PP(.~~..~♣♣♣
#.~~iX♣♣~.~PP.~~~~..♣~.
♣♣~kYD@Y.♣~~~.~♣.....[~
♣#~DiiH.~.PP~~.♣♣♣...~
##..k.♣♣.PP~~~....~~~
#.....♣~PP~~~....~~~
###.~..♣♣♣.§~.....~~
##PPP♣♣♣.~~<~...~~
###PP...~†.~~♣♣~~
#~.~.~~.♣.~♣♣♣
#~.♣♣♣♣♣♣..~♣♣


You could see a tentacled monstrosity, 2 thorn hunters, a bunyip, an eleionoma,
a death yak (summoned, berserk), a death drake, a 13-headed hydra, a four-headed
hydra, an elephant (summoned, berserk), 2 swamp dragons, a fenstrider witch, a
spriggan rider (confused), a spriggan berserker (regenerating, strong-willed), a
spriggan air mage (repels missiles), a spriggan druid, a swamp drake and 2
spriggans.

Vanquished Creatures
  2 tentacled monstrosities
  Jorgrun (Spider:3)
  Asterion (Spider:1)
  A thorn hunter (Swamp:3)
  2 fenstrider witches
  5 emperor scorpions
  2 ghost moths
  Louise (Spider:1)
  2 reapers (IceCv)
  2 orc warlords (Orc:2)
  A broodmother (Spider:3)
  Nessos (Lair:3)
  A minotaur (Gauntlet)
  4 eleionomae
  3 bunyips (Swamp:4)
  3 spark wasps
  4 entropy weavers
  A fire dragon (Lair:5)
  Josephine (Lair:3)
  4 jorogumos
  An ogre mage (D:14)
  8 hydras
  7 radroaches
  4 ghost crabs
  Erica (D:8)
  8 boulder beetles
  7 centaur warriors
  7 two-headed ogres
  8 alligators
  Urug (D:12)
  A spriggan berserker (Swamp:4)
  Nergalle (Orc:2)
  2 orc high priests
  2 skysharks
  5 sun moths
  A spriggan (Swamp:1)
  13 skeletal warriors
  8 pharaoh ants
  6 swamp dragons
  A deep troll (D:14)
  7 bog bodies
  16 orb spiders
  5 spriggan simulacra (IceCv)
  A tengu zombie (D:15)
  A phantasmal warrior (D:15)
  2 lindwurms (Lair:4)
  An obsidian statue (IceCv)
  2 deep elf pyromancers
  3 wizards (D:14)
  5 orc knights
  A necromancer (D:15)
  A frost giant zombie (D:15)
  8 steelbarb worms
  17 wolf spiders
  9 cyclopes
  10 ugly things
  3 orc sorcerers
  A moth of wrath (Spider:4)
  2 manticores
  2 worldbinders (Gauntlet)
  3 torpor snails
  Maurice (D:8)
  6 cane toads
  Joseph (D:8)
  A molten gargoyle (Lair:2)
  4 black mambas
  7 demonic crawlers
  An unseen horror (D:10)
  A kobold demonologist (D:14)
  2 efreet
  An unseen horror (shapeshifter) (D:14)
  11 freezing wraiths
  4 yaktaurs (D:15)
  4 rime drakes
  10 komodo dragons
  A tengu conjurer (D:13)
  3 anaconda simulacra (IceCv)
  4 ice devils (IceCv)
  A guardian mummy (D:15)
  8 trolls
  A meliai (Spider:4)
  3 polar bears
  18 tarantellas
  2 hornets
  6 tyrant leeches
  Grinder (D:4)
  14 blink frogs
  7 dream sheep (Lair:4)
  20 jumping spiders
  3 centaur simulacra
  A wyvern (Lair:1)
  2 dire elephant simulacra (IceCv)
  22 culicivoras
  9 slime creatures
  A water elemental (D:13)
  43 yaks
  4 wraiths
  2 fire elementals (Lair:2)
  Eustachio (D:5)
  79 redbacks
  Grum (D:10)
  A vampire (D:11)
  21 humans
  2 minotaur simulacra (IceCv)
  3 basilisks
  2 vampire mosquitoes (D:12)
  2 steam dragons
  8 swamp worms
  2 harpy simulacra (Gauntlet)
  5 wargs
  2 acid dragons
  A glowing shapeshifter zombie (D:15)
  11 water moccasins
  36 orc warriors
  2 black bears
  A human skeleton (D:15)
  2 ice beasts
  A sky beast (shapeshifter) (D:14)
  7 swamp drakes
  An alligator simulacrum (IceCv)
  2 ettin simulacra (IceCv)
  3 sky beasts
  9 boggarts
  7 ogres
  4 centaurs
  21 wolves
  4 kobold brigands
  Blork the orc (D:5)
  15 bullfrogs
  3 scorpions
  3 gnoll sergeants
  7 wights (D:9)
  6 electric eels
  6 howler monkeys
  4 jellies
  13 orc priests
  3 hounds
  10 iguanas
  2 sleepcaps
  Ijyb (D:4)
  21 orc wizards
  2 hell rats (Lair:2)
  Terence (D:2)
  20 gnolls
  8 adders
  10 river rats (Lair:2)
  7 white imps
  An ufetubus (D:11)
  A worm (D:3)
  3 dart slugs
  54 orcs
  3 ball pythons
  6 endoplasms
  4 giant cockroaches
  4 goblins
  7 hobgoblins
  3 jackals (D:3)
  2 quokkas
  6 bats
  4 frilled lizards
  24 kobolds
  17 rats
987 creatures vanquished.

Vanquished Creatures (others)
  An entropy weaver (Spider:1)
  A hydra (Swamp:1)
  An alligator (Swamp:2)
  A demonic crawler (Spider:4)
  3 bloated husks
  A tyrant leech (Swamp:4)
  A boggart (D:14)
  4 demonic plants (Gauntlet)
  17 fungi
  19 plants
  6 withered plants (D:15)
55 creatures vanquished.

Grand Total: 1042 creatures vanquished

Notes
Turn   | Place    | Note
-------+----------+-------------------------------------------
     0 | D:1      | funkygono the Minotaur Fighter began the quest for the Orb.
     0 | D:1      | Reached XP level 1. HP: 19/19 MP: 0/0
   163 | D:1      | Reached XP level 2. HP: 21/26 MP: 1/1
   231 | D:1      | Found Feijesie's Magic Scroll Shop.
   247 | D:1      | Bought a scroll of identify for 28 gold pieces
   664 | D:2      | Noticed Terence
   689 | D:2      | Killed Terence
   690 | D:2      | Reached XP level 3. HP: 34/34 MP: 2/2
   904 | D:2      | Reached XP level 4. HP: 41/41 MP: 3/3
  1050 | D:2      | Reached skill level 3 in Axes
  1564 | D:3      | Reached XP level 5. HP: 47/47 MP: 4/4
  1728 | D:3      | Reached skill level 1 in Throwing
  1742 | D:3      | Found a shadowy altar of Dithmenos.
  1753 | D:3      | Reached skill level 1 in Dodging
  1926 | D:3      | Found a hazy altar of Hepliaklqana.
  1926 | D:3      | Found a shimmering altar of Xom.
  1928 | D:3      | Found an iron altar of Okawaru.
  2155 | D:3      | Found a shimmering blue altar of Sif Muna.
  2155 | D:3      | Found an opulent altar of Gozag.
  2203 | D:4      | Reached skill level 4 in Axes
  2407 | D:4      | Noticed Grinder
  2456 | D:4      | Killed Grinder
  2457 | D:4      | Reached skill level 5 in Fighting
  2457 | D:4      | Reached skill level 5 in Axes
  2457 | D:4      | Reached XP level 6. HP: 21/56 MP: 5/5
  2654 | D:4      | Reached skill level 5 in Armour
  2783 | D:4      | Reached skill level 5 in Shields
  2783 | D:4      | Reached XP level 7. HP: 60/61 MP: 6/6
  2837 | D:4      | Noticed Ijyb
  2848 | D:4      | Paralysed by Ijyb for 2 turns
  2850 | D:4      | Killed Ijyb
  3254 | D:5      | Entered Level 5 of the Dungeon
  3254 | D:5      | Noticed Blork the orc
  3265 | D:5      | Killed Blork the orc
  3266 | D:5      | Reached skill level 6 in Axes
  3642 | D:5      | Reached XP level 8. HP: 61/69 MP: 7/7
  3674 | D:5      | Reached skill level 7 in Axes
  3862 | D:5      | Noticed Eustachio
  3879 | D:5      | Killed Eustachio
  4756 | D:6      | Reached skill level 8 in Axes
  5201 | D:6      | Reached XP level 9. HP: 68/78 MP: 8/8
  5317 | D:6      | Found Athreb's Weapon Emporium.
  5401 | D:6      | Reached skill level 9 in Axes
  5828 | D:6      | Found a staircase to the Ecumenical Temple.
  5926 | D:6      | Reached skill level 10 in Axes
  5971 | Temple   | Entered the Ecumenical Temple
  6222 | D:3      | Became a worshipper of Warmaster Okawaru
  7074 | D:8      | Reached * piety under Okawaru
  7121 | D:8      | Noticed Joseph
  7154 | D:8      | Killed Joseph
  7155 | D:8      | Reached skill level 11 in Axes
  7155 | D:8      | Reached XP level 10. HP: 86/86 MP: 9/9
  7228 | D:8      | Noticed Maurice
  7288 | D:8      | Killed Maurice
  7289 | D:8      | Reached skill level 5 in Throwing
  7388 | D:8      | Noticed Erica
  7403 | D:8      | Killed Erica
  7403 | D:8      | Reached ** piety under Okawaru
  7516 | D:8      | Found a white marble altar of Elyvilon.
  7563 | D:8      | Reached skill level 12 in Axes
  8369 | D:9      | Found a runed translucent door.
  8369 | D:9      | Noticed a cyclops
  8378 | D:9      | Killed a cyclops
  8521 | D:9      | Noticed a cyclops
  8552 | D:9      | Reached *** piety under Okawaru
  8553 | D:9      | Killed a cyclops
  8624 | D:9      | Noticed a purple ugly thing
  8632 | D:9      | Killed a purple ugly thing
  8632 | D:9      | Received a gift from Okawaru
  8633 | D:9      | Reached skill level 13 in Axes
  8640 | D:9      | Noticed a cyclops
  8640 | D:9      | Noticed a boulder beetle
  8660 | D:9      | Killed a cyclops
  8660 | D:9      | Reached **** piety under Okawaru
  8661 | D:9      | Reached XP level 11. HP: 88/95 MP: 10/10
  8675 | D:9      | Killed a boulder beetle
  8771 | D:10     | Entered Level 10 of the Dungeon
  8974 | D:10     | Noticed Grum
  8991 | D:10     | Reached ***** piety under Okawaru
  9022 | D:10     | Killed Grum
  9860 | D:6      | Bought 2 stones for 2 gold pieces
  9860 | D:6      | Bought 8 stones for 9 gold pieces
 10020 | D:11     | Noticed a two-headed ogre
 10028 | D:11     | Killed a two-headed ogre
 10028 | D:11     | Received a gift from Okawaru
 10105 | D:11     | Reached skill level 14 in Axes
 10530 | D:11     | Noticed a two-headed ogre
 10543 | D:11     | Killed a two-headed ogre
 10543 | D:11     | Received a gift from Okawaru
 10734 | D:11     | Found a staircase to the Lair.
 10767 | D:11     | Noticed a boulder beetle
 10786 | D:11     | Killed a boulder beetle
 11043 | Lair:1   | Entered Level 1 of the Lair of Beasts
 11049 | Lair:1   | Received a gift from Okawaru
 11050 | Lair:1   | Reached skill level 10 in Armour
 11121 | Lair:1   | Received a gift from Okawaru
 11163 | Lair:1   | Reached skill level 10 in Fighting
 11240 | Lair:1   | Reached XP level 12. HP: 95/106 MP: 11/11
 11328 | Lair:1   | Received a gift from Okawaru
 11455 | Lair:1   | Reached skill level 15 in Axes
 11583 | Lair:1   | Reached skill level 1 in Invocations
 11744 | Lair:1   | Received a gift from Okawaru
 12021 | Lair:2   | Found a staircase to the Swamp.
 12176 | Lair:2   | Identified the +3 long sword of Arrival {holy, rElec Dex+3}
                  | (Okawaru gifted it to you on level 2 of the Lair of Beasts)
 12176 | Lair:2   | Received a gift from Okawaru
 12464 | Lair:2   | Noticed a seven-headed hydra
 12478 | Lair:2   | Killed a 16-headed hydra
 12683 | Lair:2   | Found a hole to the Spider Nest.
 12819 | Lair:2   | Noticed a boulder beetle
 12837 | Lair:2   | Killed a boulder beetle
 13297 | Lair:3   | Reached skill level 16 in Axes
 13369 | Lair:3   | Reached XP level 13. HP: 86/116 MP: 12/12
 13427 | Lair:3   | Noticed Josephine
 13439 | Lair:3   | Killed Josephine
 13606 | Lair:3   | Identified the ring "Irrix" {rF+ Will- Str+3 Int+5 Slay+4}
 13680 | Lair:3   | Received a gift from Okawaru
 13721 | Lair:3   | Reached skill level 1 in Stealth
 13743 | Lair:3   | Noticed Nessos
 13754 | Lair:3   | Killed Nessos
 13754 | Lair:3   | Identified the +0 kite shield of Ethics {-Cast rN+ Regen+
                  | Str+4} (Okawaru gifted it to you on level 3 of the Lair of
                  | Beasts)
 13754 | Lair:3   | Received a gift from Okawaru
 14491 | Lair:4   | Identified the +9 dagger of Uskayaw's Castigation {heavy,
                  | rPois rCorr}
 14655 | Lair:4   | Reached skill level 10 in Shields
 14690 | Lair:4   | Found a runed translucent door.
 14690 | Lair:4   | Found a viscous altar of Jiyva.
 14691 | Lair:4   | Found a staircase to the Slime Pits.
 15523 | Lair:5   | Entered Level 5 of the Lair of Beasts
 15547 | Lair:5   | Received a gift from Okawaru
 15768 | Lair:5   | Noticed a fire dragon
 15794 | Lair:5   | Killed a fire dragon
 15988 | Lair:5   | Received a gift from Okawaru
 16589 | D:12     | You fall into a shaft and drop 3 floors!
 16589 | D:15     | Entered Level 15 of the Dungeon
 16614 | D:15     | Found a staircase to the Depths.
 16628 | D:15     | Received a gift from Okawaru
 16659 | D:15     | Reached XP level 14. HP: 129/129 MP: 12/14
 16676 | D:15     | Reached skill level 17 in Axes
 16767 | D:15     | Found a gate leading to a gauntlet.
 16776 | Gauntlet | Entered a Gauntlet
 16776 | Gauntlet | Found a transporter.
 16776 | Gauntlet | Found a transporter.
 16781 | Gauntlet | Found a transporter.
 16782 | Gauntlet | Found a transporter.
 16783 | Gauntlet | Found a large runed translucent door.
 16784 | Gauntlet | Found a large runed translucent door.
 16785 | Gauntlet | Found a large runed translucent door.
 16785 | Gauntlet | Found a large runed translucent door.
 16785 | Gauntlet | Found a runed translucent door.
 16785 | Gauntlet | Found a runed translucent door.
 16786 | Gauntlet | Found a large runed translucent door.
 16786 | Gauntlet | Found a large runed translucent door.
 16786 | Gauntlet | Found a large runed translucent door.
 16786 | Gauntlet | Found a large runed translucent door.
 16787 | Gauntlet | Found a large runed translucent door.
 16787 | Gauntlet | Found a large runed translucent door.
 16787 | Gauntlet | Found a large runed translucent door.
 16788 | Gauntlet | Found a large runed translucent door.
 16788 | Gauntlet | Found a large runed translucent door.
 16788 | Gauntlet | Found a large runed translucent door.
 16790 | Gauntlet | Found a runed translucent gate.
 16790 | Gauntlet | Found a runed translucent gate.
 16790 | Gauntlet | Found a runed translucent gate.
 16792 | Gauntlet | Found a transporter.
 16796 | Gauntlet | Found a transporter.
 16807 | Gauntlet | Found a transporter.
 16812 | Gauntlet | Found a transporter.
 16817 | Gauntlet | Found the ring of the Tortoise {AC+8}
 16840 | Gauntlet | Found a large runed translucent door.
 16888 | Gauntlet | Found a transporter.
 16890 | Gauntlet | Found a transporter.
 16902 | Gauntlet | Found a transporter.
 16904 | Gauntlet | Found a transporter.
 16992 | Gauntlet | Gained mutation: Armour fits poorly on your strangely
                  | shaped body. [a shining eye]
 17012 | Gauntlet | Identified the +1 helmet "Lisyex" {rElec Str+2}
 17153 | Gauntlet | Identified the amulet "Fatyto" {Acrobat *Slow rN+ Regen+
                  | Int+3 Dex+3}
 17589 | D:13     | Found a gate to the Vaults.
 17723 | D:12     | Reached XP level 15. HP: 139/139 MP: 14/16
 17801 | D:12     | Noticed Urug
 17812 | D:12     | Killed Urug
 17895 | D:12     | Found a staircase to the Orcish Mines.
 18339 | Orc:1    | Entered Level 1 of the Orcish Mines
 18359 | Orc:1    | Received a gift from Okawaru
 18537 | Orc:2    | Entered Level 2 of the Orcish Mines
 18537 | Orc:2    | Found a staircase to the Elven Halls.
 18768 | Orc:2    | Noticed Nergalle
 18784 | Orc:2    | Killed Nergalle
 18794 | Orc:2    | Received a gift from Okawaru
 18902 | Orc:2    | Reached skill level 18 in Axes
 18922 | Orc:2    | Found Qoifoupt's General Store.
 19089 | Orc:2    | HP: 2/139 [orc warlord/+0 battleaxe (19)]
 19102 | Orc:2    | Reached skill level 15 in Fighting
 19218 | Orc:2    | Found Soss's Book Emporium.
 19234 | Orc:2    | Found Cidghom's Antique Armour Emporium.
 19404 | Orc:2    | Found Kyrevun's Antique Weapon Emporium.
 20232 | D:13     | Reached skill level 5 in Dodging
 20234 | D:13     | Reached XP level 16. HP: 95/149 MP: 17/17
 20423 | D:13     | Found a portal to a secret trove of treasure.
 20828 | D:14     | Lost mutation: Armour fits poorly on your strangely shaped
                  | body. [potion of mutation]
 20828 | D:14     | Gained mutation: You sometimes lose your temper in combat.
                  | [potion of mutation]
 20828 | D:14     | Gained mutation: Your movements are slightly less
                  | encumbered by armour. (ER -2) [potion of mutation]
 21565 | Spider:1 | Entered Level 1 of the Spider Nest
 21642 | Spider:1 | Found a frozen archway.
 21650 | IceCv    | Entered an ice cave
 21733 | IceCv    | Received a gift from Okawaru
 22171 | Spider:1 | Reached skill level 15 in Armour
 22437 | Spider:1 | Identified the +1 sling of Insufficient Pleasure {flame,
                  | +Blink rElec Int+6}
 22566 | Spider:1 | Reached skill level 19 in Axes
 22610 | Spider:1 | Noticed Louise
 22626 | Spider:1 | Killed Louise
 22750 | Spider:1 | Reached skill level 10 in Throwing
 22923 | Spider:1 | Received a gift from Okawaru
 23001 | Spider:1 | Lost mutation: You sometimes lose your temper in combat.
                  | [potion of mutation]
 23001 | Spider:1 | Lost mutation: Your movements are slightly less encumbered
                  | by armour. (ER -2) [potion of mutation]
 23001 | Spider:1 | Gained mutation: You are weak. (Str -2) [potion of
                  | mutation]
 23001 | Spider:1 | Gained mutation: You have sharp fingernails. [potion of
                  | mutation]
 23002 | Spider:1 | Lost mutation: You have sharp fingernails. [potion of
                  | mutation]
 23002 | Spider:1 | Lost mutation: You are weak. (Str -2) [potion of mutation]
 23002 | Spider:1 | Gained mutation: You are vulnerable to heat. (rF-) [potion
                  | of mutation]
 23002 | Spider:1 | Gained mutation: You are vulnerable to cold. (rC-) [potion
                  | of mutation]
 23002 | Spider:1 | Gained mutation: You have a somewhat thin skeletal
                  | structure. (Dex +2, Stealth+) [potion of mutation]
 23003 | Spider:1 | Lost mutation: You are vulnerable to heat. (rF-) [potion of
                  | mutation]
 23003 | Spider:1 | Lost mutation: You have a somewhat thin skeletal structure.
                  | (Dex +2, Stealth+) [potion of mutation]
 23003 | Spider:1 | Gained mutation: You possess an exceptional clarity of
                  | mind. [potion of mutation]
 23003 | Spider:1 | Gained mutation: You have a pair of large horns on your
                  | head. [potion of mutation]
 23005 | Spider:1 | Lost mutation: You are vulnerable to cold. (rC-) [potion of
                  | mutation]
 23005 | Spider:1 | Lost mutation: You possess an exceptional clarity of mind.
                  | [potion of mutation]
 23005 | Spider:1 | Lost mutation: You have a pair of large horns on your head.
                  | [potion of mutation]
 23005 | Spider:1 | Gained mutation: You are dopey. (Int -2) [potion of
                  | mutation]
 23005 | Spider:1 | Gained mutation: Your magical capacity is low. (-10% MP)
                  | [potion of mutation]
 23005 | Spider:1 | Gained mutation: You are strong-willed. (Will+) [potion of
                  | mutation]
 23151 | Spider:1 | Reached skill level 15 in Shields
 23453 | Spider:1 | Noticed Asterion
 23475 | Spider:1 | Killed Asterion
 23663 | Spider:2 | Received a gift from Okawaru
 23789 | Spider:2 | Reached XP level 17. HP: 161/161 MP: 17/17
 23946 | Spider:2 | Received a gift from Okawaru
 24668 | Spider:3 | Noticed Jorgrun
 24698 | Spider:3 | Killed Jorgrun
 25094 | Spider:4 | Entered Level 4 of the Spider Nest
 25205 | Spider:4 | Received a gift from Okawaru
 25576 | Spider:4 | Received a gift from Okawaru
 25713 | Spider:4 | Reached skill level 20 in Axes
 25904 | Spider:4 | Received a gift from Okawaru
 26287 | Spider:4 | Got a gossamer rune of Zot
 26719 | D:15     | Identified the +6 chain mail of Uwoastruu {Int+4}
 26731 | D:15     | Received a gift from Okawaru
 26734 | D:15     | Reached XP level 18. HP: 157/172 MP: 18/18
 27345 | Swamp:1  | Entered Level 1 of the Swamp
 27502 | Swamp:1  | Noticed diceflayer's ghost (adept DsHu)
 27509 | Swamp:1  | Found a transporter.
 27545 | Swamp:1  | Found a transporter.
 27730 | Swamp:1  | You are sucked into a shaft and drop 1 floor!
 27799 | Swamp:1  | Received a gift from Okawaru
 28171 | Swamp:2  | Noticed a tentacled monstrosity
 28182 | Swamp:2  | Killed a tentacled monstrosity
 28524 | Swamp:2  | Received a gift from Okawaru
 28598 | Swamp:3  | Noticed a tentacled monstrosity
 28612 | Swamp:3  | Killed a tentacled monstrosity
 28750 | Swamp:3  | Received a gift from Okawaru
 29202 | Swamp:4  | Entered Level 4 of the Swamp
 29338 | Swamp:4  | Received a gift from Okawaru
 29455 | Swamp:4  | Noticed a tentacled monstrosity
 29484 | Swamp:4  | HP: 4/174 [13-headed hydra (5)]
 29484 | Swamp:4  | Slain by a 13-headed hydra

Illustrated notes

Levels and vault maps discovered:
D:1:      evilmike_arrival_hilbert_curve, layout_loops_cross, serial_shops,
          nicolae_shop_advertising_works [nicolae_subvault_shop_adworks],
          kennysheep_nondescript
D:2:      layout_basic, nicolae_concentric_dashed_squares_mild, uniq_terence
D:3:      layout_basic, nicolae_overflow_hidden_temple,
          nicolae_dithmenos_the_darkroom
D:4:      layout_loops_cross, nicolae_zen_rock_garden, uniq_ijyb, uniq_grinder
D:5:      layout_basic, chequers_serial_rivers_micro_d, uniq_blork_the_orc,
          uniq_eustachio
D:6:      layout_basic, temple_statues, serial_shops,
          nicolae_shop_pleasant_corner_grove, minmay_ruffians
D:7:      layout_basic
D:8:      layout_cave_pools, mainiacjoe_overflow_surrounded_room,
          dreamdust_princess_corridor, uniq_erica, uniq_joseph, uniq_maurice
D:9:      layout_loops_ring, minivault_13
D:10:     layout_grid_maze, uniq_grum
D:11:     layout_roguey, lair_entry_dummy, serial_ice, serial_ice_i,
          serial_ice_h, serial_ice_d, serial_ice_n, hangedman_decor_riveting,
          minmay_door_square
D:12:     layout_irregular_city, erik_orc_3, uniq_urug
D:13:     layout_big_octagon, david_vaults_3, nicolae_trove_entry_crystal
D:14:     kennysheep_room_grid, layout_cave_pods, serial_column_ruins,
          column_ruins_square_medium, column_ruins_grid_1,
          column_ruins_corridor_corner, column_ruins_grid_1,
          column_ruins_grid_3, column_ruins_grid_1,
          column_ruins_corridor_dead_end
D:15:     gammafunk_depths_entry_grave, layout_irregular_city,
          gauntlet_entry_generic, serial_column_ruins, column_ruins_hut_ruined,
          column_ruins_circle_small, column_ruins_grid_1, column_ruins_grid_1,
          column_ruins_columns_water, column_ruins_grid_1
Temple:   regret_index_temple_waves
Lair:1:   layout_chaotic_city, serial_bayou_shore_b, grunt_megastairs_5
Lair:2:   layout_gridlike, skrybe_swamp_entry_bodies,
          spider_nest_entry_web_field, kennysheep_abandoned_house,
          lemuel_fruit_fields, infiniplex_staircase_pool
Lair:3:   layout_gridlike, uniq_nessos, uniq_josephine
Lair:4:   layout_cave_pods, slime_entry_2, nicolae_lair_lindhole,
          lemuel_fruit_tree, grunt_megastairs_4
Lair:5:   guppyfry_lair_end_dragon, layout_big_grid, grunt_megastairs_1,
          infiniplex_staircase_pool_2
Swamp:1:  layout_basic_swamp, gammafunk_ghost_berserking_beasts,
          evilmike_swamp_ruin_house_5
Swamp:2:  layout_basic_swamp, evilmike_swamp_ruin_rubble_2, swamp_pool4
Swamp:3:  layout_basic_swamp, evilmike_swamp_ruin_house_4
Swamp:4:  byrel_swamp_growth_death_and_undeath, layout_basic_swamp, swamp_pool1
Spider:1: layout_chambers, portal_ice_cave_entry_pillars_three,
          nicolae_spider_bug_shape, uniq_asterion, uniq_louise
Spider:2: layout_spider_delve
Spider:3: layout_spider_delve, uniq_jorgrun
Spider:4: grunt_spider_rune_island, guppyfry_spider_mini_3
Orc:1:    layout_caves, basic_altar, bh_open_orc_temple
Orc:2:    grunt_orc_cross, layout_caves, basic_altar

Skill      XL: |  1  2  3  4  5  6  7  8  9 10 11 12 13 14 15 16 17 18 |
---------------+-------------------------------------------------------+-----
Shields        | 4 5 6 7 8 9 10 11 12 15 17 18 | 18.0
Armour         | 4 5 6 8 9 10 11 13 14 15 16 | 16.9
Fighting       | 4 5 6 7 8 10 11 13 14 15 17 18 | 18.9
Axes           | 3 5 6 8 11 13 14 16 17 18 19 20 | 20.6
Throwing       | 1 2 3 4 6 7 8 9 10 11 | 11.1
Dodging        | 1 2 3 4 5 |  5.8
Invocations    | 1 3 4 |  4.8
Stealth        | 1 2 3 |  3.0
Evocations     | |  0.2

Action                     |  1- 3 |  4- 6 |  7- 9 | 10-12 | 13-15 | 16-18 || total
---------------------------+-------+-------+-------+-------+-------+-------++-------
  Melee: War axe           |    40 |   111 |   309 |   568 |   746 |  1238 ||  3012
         Headbutt          |     5 |    14 |    62 |   114 |   187 |   361 ||   743
  Throw: Dart              |     6 |    15 |    31 |   110 |    43 |       ||   205
         Stone             |       |    21 |     4 |    63 |    60 |    50 ||   198
         Javelin           |       |       |       |     2 |       |       ||     2
         Boomerang         |       |       |       |       |       |   105 ||   105
 Invoke: Heroism           |       |       |       |     9 |    27 |    45 ||    81
  Evoke: Wand              |       |       |       |       |       |     1 ||     1
    Use: Scroll            |     1 |     6 |    11 |     9 |    11 |     6 ||    44
         Potion            |     1 |       |     1 |     1 |     3 |     5 ||    11
   Stab: Confused          |       |       |       |       |       |     1 ||     1
 Armour: Scale mail        |    21 |    57 |    45 |       |       |       ||   123
         Chain mail        |       |       |    59 |       |    29 |   145 ||   233
         Plate armour      |       |       |    17 |   384 |   273 |       ||   674
         Skin              |       |       |     3 |       |       |       ||     3
         Crystal plate arm |       |       |       |       |       |   855 ||   855
  Dodge: Dodged            |    19 |    52 |   123 |   205 |   241 |   622 ||  1262
  Block: Buckler           |     7 |    36 |    60 |   148 |    18 |       ||   269
         Kite shield       |       |       |       |       |   333 |  1011 ||  1344
